 Dungeon Crawl Stone Soup version 0.22-a0-825-ga28c36f (webtiles) character file.

4412 Gildeon the Cleaver (level 10, 0/81 HPs)
             Began as a Minotaur Fighter on July 23, 2018.
             Was an Elder of Okawaru.
             Succumbed to a hornet's poison
             ... while paralysed by a hornet
             ... on level 8 of the Dungeon on July 24, 2018.
             The game lasted 00:21:00 (6185 turns).

Gildeon the Cleaver (Minotaur Fighter)              Turns: 6185, Time: 00:21:00

Health: 0/81       AC: 14    Str: 22    XL:     10   Next: 14%
Magic:  12/12      EV:  2    Int:  6    God:    Okawaru [****..]
Gold:   626        SH:  0    Dex: 11    Spells: 9/9 levels left

rFire    . . .     SeeInvis .   a - +3 war axe
rCold    . . .     Gourm    .   c - +0 shield
rNeg     . . .     Faith    .   t - +1 plate armour
rPois    .         Spirit   .   (helmet restricted)
rElec    .         Reflect  +   o - +0 cloak
rCorr    .         Harm     .   m - +2 pair of gloves
MR       .....     Clarity  +   (no boots)
Stlth    ..........             r - +4 amulet of reflection
HPRegen  0.23/turn              (no ring)
MPRegen  0.13/turn              (no ring)

@: paralysed, lethally poisoned (0 -> -17), slowed
A: retaliatory headbutt, horns 2, yellow scales 1, clarity, deformed body
a: Heroism, Renounce Religion


You were on level 8 of the Dungeon.
You worshipped Okawaru.
Okawaru was greatly pleased with you.
You were hungry.

You visited 2 branches of the dungeon, and saw 9 of its levels.
You also visited: Sewer.

You collected 626 gold pieces.

Inventory:

Hand Weapons
 a - a +3 war axe (weapon)
Armour
 c - a +0 shield (worn)
 m - a +2 pair of gloves (worn)
 o - a +0 cloak (worn)
 t - a +1 plate armour (worn)
Jewellery
 r - a +4 amulet of reflection (around neck)
Wands
 h - a wand of paralysis (9)
 j - a wand of polymorph (16)
 s - a wand of clouds (5)
Scrolls
 d - a scroll of remove curse
 e - 5 scrolls of teleportation
 g - 2 scrolls of fear
Potions
 i - a potion of curing
 k - 3 potions of flight
 q - a potion of lignification
Comestibles
 b - 9 chunks of flesh
 f - 11 rations


   Skills:
 - Level 5.0 Fighting
 * Level 11.3 Axes
 - Level 5.0 Armour
 - Level 5.0 Dodging
 + Level 8.7 Shields
 - Level 5.0 Invocations
 + Level 3.7 Evocations


You had 9 spell levels left.
You didn't know any spells.
Your spell library contained the following spells:

 Spells                   Type           Power        Failure   Level  Hunger
 Summon Small Mammal      Summ           #...         100%        1    ##.....
 Summon Ice Beast         Ice/Summ       #.......     100%        4    #####..
 Call Imp                 Summ           #.......     100%        2    ###....
 Call Canine Familiar     Summ           #.......     100%        3    ####...
 Summon Lightning Spire   Summ/Air       #.......     100%        4    #####..
 Summon Guardian Golem    Hex/Summ       #.......     100%        3    ####...


Dungeon Overview and Level Annotations

Branches:
Dungeon (8/15)             Temple (1/1) D:4            Lair (0/6) D:8

Altars:
Ashenzari
Cheibriados
Elyvilon
Fedhas
Gozag
Hepliaklqana
Makhleb
Nemelex Xobeh
Okawaru
Qazlal
Ru
Sif Muna
Trog
Uskayaw
Vehumet
Wu Jian
Xom
Yredelemnul
Zin
The Shining One

Annotations:
D:5 iamserjio's ghost, novice TeAE


Innate Abilities, Weirdness & Mutations

You reflexively headbutt those who attack you in melee.
You have a pair of horns on your head.
You are partially covered in yellow scales. (AC +2)
You possess an exceptional clarity of mind.
Armour fits poorly on your strangely shaped body.


Message History

The hornet is almost dead.
You feel yourself speed up.
You feel sick. You block the hornet's attack. The hornet stings you!
You are more poisoned.
You feel yourself slow down.
Your plate armour prevents you from hitting the hornet.
Your headbutt misses the hornet.
The hornet is almost dead.
You feel very sick. The hornet stings you!
* * * LOW HITPOINT WARNING * * *
You suddenly lose the ability to move!
The hornet stings you!
* * * LOW HITPOINT WARNING * * *
You feel as though you will be slow longer.
The hornet barely misses you.
* * * LOW HITPOINT WARNING * * *
You feel sick. The hornet stings you.
* * * LOW HITPOINT WARNING * * *
You feel as though you will be slow longer.
You die...

#...#
#...###
##.#)#
#...# #
###....#
#.<.# #
#....>##
#...# #
#.....#
##### #
##....<#
##.....##
#......#
###@####
*#y#.#
#.#†#*
##.#.#
#.#,##
##,*,*
**+**
*,,* *,,*


You could see a hornet.

Vanquished Creatures
  An ugly thing (D:7)
  Joseph (D:8)
  2 hornets (D:8)
  Grinder (D:3)
  A hippogriff (D:8)
  A wyvern (D:6)
  A soldier ant (D:8)
  2 black bears (D:6)
  2 ice beasts
  A sky beast (D:7)
  A phantom (D:7)
  2 orc warriors
  2 ogres
  A centaur (D:7)
  Blork the orc (D:6)
  A big kobold (Sewer)
  4 bullfrogs
  A wyvern skeleton (D:8)
  3 scorpions
  A wight (D:7)
  A crimson imp (D:5)
  A quasit (D:6)
  A hound (D:7)
  A bullfrog skeleton (D:7)
  4 orc priests
  2 iguanas
  10 orc wizards
  5 worker ants
  A killer bee zombie (D:5)
  A hound skeleton (D:8)
  A worker ant zombie (D:6)
  13 adders
  2 river rats (Sewer)
  2 shadow imps
  An ooze (D:5)
  2 adder skeletons
  2 worms (D:2)
  2 dart slugs
  7 leopard geckos
  26 orcs
  5 bats
  6 giant cockroaches
  12 hobgoblins
  19 jackals
  3 quokkas
  2 ball pythons
  8 frilled lizards
  A giant cockroach zombie (D:6)
  8 goblins
  16 kobolds
  A quokka zombie (D:5)
  11 rats
207 creatures vanquished.

Notes
Turn   | Place    | Note
-------+----------+-------------------------------------------
     0 | D:1      | Gildeon the Minotaur Fighter began the quest for the Orb.
     0 | D:1      | Reached XP level 1. HP: 19/19 MP: 0/0
   176 | D:1      | Reached XP level 2. HP: 25/27 MP: 1/1
   549 | D:1      | Reached skill level 3 in Axes
   927 | D:1      | Reached skill level 1 in Dodging
   929 | D:1      | Reached XP level 3. HP: 33/33 MP: 2/2
  1402 | D:2      | Reached XP level 4. HP: 40/40 MP: 3/3
  1611 | D:3      | Noticed Grinder
  1622 | D:3      | Killed Grinder
  1622 | D:3      | Reached skill level 4 in Axes
  1622 | D:3      | Reached XP level 5. HP: 30/47 MP: 4/4
  1622 | D:3      | Reached XP level 6. HP: 34/53 MP: 5/5
  1638 | D:3      | Gained mutation: Your flesh is heat resistant. (rF+) [potion of mutation]
  1638 | D:3      | Gained mutation: Your mind is acute. (Int +2) [potion of mutation]
  1638 | D:3      | Gained mutation: You are clumsy. (Dex -2) [potion of mutation]
  1638 | D:3      | Gained mutation: You are partially covered in yellow scales. (AC +2) [potion of mutation]
  1695 | D:3      | Reached skill level 5 in Axes
  2454 | D:4      | Found a glowing drain.
  2507 | Sewer    | Entered a sewer
  2588 | Sewer    | Reached skill level 5 in Armour
  2588 | Sewer    | Reached skill level 5 in Shields
  2618 | Sewer    | Found a glowing silver altar of Zin.
  2689 | D:4      | Found a glowing golden altar of the Shining One.
  2824 | D:4      | Found a staircase to the Ecumenical Temple.
  2835 | Temple   | Entered the Ecumenical Temple
  2884 | Temple   | Became a worshipper of Warmaster Okawaru
  2919 | D:4      | Upgraded the game from 0.22-a0-815-gb582571 to 0.22-a0-825-ga28c36f
  2984 | D:4      | Reached skill level 5 in Fighting
  2984 | D:4      | Reached XP level 7. HP: 22/61 MP: 6/6
  3193 | D:4      | Lost mutation: You are clumsy. (Dex -2) [potion of mutation]
  3193 | D:4      | Lost mutation: Your flesh is heat resistant. (rF+) [potion of mutation]
  3193 | D:4      | Lost mutation: Your mind is acute. (Int +2) [potion of mutation]
  3193 | D:4      | Gained mutation: Armour fits poorly on your strangely shaped body. [potion of mutation]
  3193 | D:4      | Gained mutation: You possess an exceptional clarity of mind. [potion of mutation]
  3470 | D:5      | Entered Level 5 of the Dungeon
  3586 | D:5      | Found a runed door.
  3594 | D:5      | Noticed iamserjio's ghost (novice TeAE)
  3656 | D:5      | Found a runed door.
  3671 | D:5      | Reached skill level 6 in Axes
  3736 | D:5      | Reached skill level 1 in Invocations
  3914 | D:5      | Found a sacrificial altar of Ru.
  3914 | D:5      | Found a hazy altar of Hepliaklqana.
  4016 | D:6      | Noticed Blork the orc
  4026 | D:6      | Killed Blork the orc
  4068 | D:6      | Reached * piety under Okawaru
  4068 | D:6      | Reached skill level 7 in Axes
  4096 | D:6      | Reached XP level 8. HP: 57/68 MP: 8/8
  4485 | D:6      | Reached skill level 8 in Axes
  4518 | D:6      | Reached ** piety under Okawaru
  4661 | D:6      | Found a bloodstained altar of Trog.
  4664 | D:6      | Reached skill level 5 in Dodging
  4946 | D:7      | Reached skill level 9 in Axes
  4962 | D:7      | Reached XP level 9. HP: 40/74 MP: 10/10
  5206 | D:7      | Reached skill level 1 in Evocations
  5455 | D:7      | Noticed a green ugly thing
  5480 | D:7      | HP: 2/74 [green ugly thing (7)]
  5483 | D:7      | Killed a green ugly thing
  5483 | D:7      | Reached *** piety under Okawaru
  5483 | D:7      | Reached skill level 10 in Axes
  5758 | D:7      | Reached skill level 5 in Invocations
  5870 | D:7      | Noticed an angel
  5873 | D:7      | Found a glowing silver altar of Zin.
  5877 | D:7      | Found a shimmering altar of Xom.
  6084 | D:8      | Noticed Joseph
  6098 | D:8      | Killed Joseph
  6103 | D:8      | Reached **** piety under Okawaru
  6103 | D:8      | Reached skill level 11 in Axes
  6103 | D:8      | Reached XP level 10. HP: 60/81 MP: 12/12
  6164 | D:8      | Paralysed by a hornet for 1 turns
  6183 | D:8      | Paralysed by a hornet for 3 turns
  6184 | D:8      | HP: 2/81 [hornet (6)]
  6185 | D:8      | Succumbed to a hornet's poison

Vault maps used:
D:1:      minmay_arrival_plants_in_alcoves
D:2:      first_ration
D:3:      minmay_misc_feat_encased, uniq_grinder
D:4:      lemuel_round_altar, minmay_temple_entry_statues_pillars,
          cheibrodos_sewer_entry_drain
D:5:      gammafunk_temple_overflow_wave, ebering_ghost_sewer_f,
          hangedman_decor_lopped
D:6:      trog_ov_bears_minmay, uniq_blork_the_orc
D:7:      hangedman_cross_stitches, grunt_temple_overflow_order_and_chaos_1,
          serial_curves, eino_curves_01, eino_curves_01
D:8:      lair_entry_dummy, hangedman_pestilent_swarm, uniq_joseph
Temple:   eino_wide_crystal_templ
Sewer:    sewer_kobolds

Skill      XL: |  1  2  3  4  5  6  7  8  9 |
---------------+----------------------------+-----
Axes           | 3 4 5 7 9 11 | 11.3
Dodging        | 1 2 3 4 5 |  5.0
Armour         | 4 5 |  5.0
Shields        | 4 5 6 7 8 |  8.7
Fighting       | 4 5 |  5.0
Invocations    | 2 3 5 |  5.0
Evocations     | 3 |  3.7

Action                   |  1- 3 |  4- 6 |  7- 9 | 10-12 || total
-------------------------+-------+-------+-------+-------++-------
Melee: War axe           |   117 |   153 |   282 |    35 ||   587
       Headbutt          |    16 |    16 |    50 |     8 ||    90
       Unarmed           |       |       |     2 |       ||     2
  Use: Scroll            |     6 |     5 |    13 |       ||    24
       Potion            |       |     2 |     7 |     1 ||    10
  Eat: Chunk             |     2 |     2 |    10 |       ||    14
       Ration            |       |     1 |       |       ||     1
Armor: Scale mail        |    15 |       |       |       ||    15
       Chain mail        |    59 |    83 |    60 |       ||   202
       Plate armour      |       |       |   122 |    11 ||   133
Dodge: Dodged            |    36 |    34 |    97 |    10 ||   177
Block: Shield            |    77 |    88 |   184 |    29 ||   378
       Reflection        |       |       |     3 |       ||     3

Table legend:
 A = Spawn XP
 B = Non-spawn XP
 C = Spawn XP percentage of total XP
 D = Spawn monster count
 E = Non-spawn monster count
 F = Spawn count percentage of total count
 G = Total turns spent on level
                    A         B        C        D         E        F      G
               +---------+---------+-------+---------+---------+-------+---------
         Total |       0 |    6303 |   0.0 |       0 |     207 |   0.0 |  6185
               +---------+---------+-------+---------+---------+-------+---------
           D:1 |       0 |      41 |   0.0 |       0 |      26 |   0.0 |   953
           D:2 |       0 |      63 |   0.0 |       0 |      25 |   0.0 |   633
           D:3 |       0 |     388 |   0.0 |       0 |      27 |   0.0 |   796
           D:4 |       0 |     139 |   0.0 |       0 |      24 |   0.0 |   871
           D:5 |       0 |     224 |   0.0 |       0 |      17 |   0.0 |   546
           D:6 |       0 |    1645 |   0.0 |       0 |      33 |   0.0 |   901
           D:7 |       0 |    2093 |   0.0 |       0 |      36 |   0.0 |  1140
           D:8 |       0 |    1573 |   0.0 |       0 |       8 |   0.0 |   128
         Sewer |       0 |     137 |   0.0 |       0 |      11 |   0.0 |   155
               +---------+---------+-------+---------+---------+-------+---------
